[Event "Indian Rapid Championship 2023-24"]
[Site "Nashik"]
[Date "2024.03.05"]
[Round "8.1"]
[White "Kherdekar Arnav"]
[Black "Ghosh, Diptayan"]
[Result "0-1"]
[ECO "C64"]
[WhiteElo "1846"]
[BlackElo "2559"]
[Annotator "TA"]
[PlyCount "84"]
[EventDate "2024.03.02"]
[EventType "swiss"]
[EventCountry "IND"]
[SourceTitle "playchess.com"]
[Source "ChessBase"]
[SourceQuality "1"]
[TimeControl "900+10"]

1. e4 e5 2. Nf3 Nc6 3. Bb5 a6 4. Ba4 Bc5 5. c3 Nge7 6. O-O Ba7 7. d4 Ng6 8. Bg5 f6 {[%emt 0:00:01] White is slightly better.} 9. Be3 O-O 10. Nbd2 d6 11. Bb3+ Kh8 12. Re1 Bd7 13. Nf1 Bg4 14. d5 Nce7 15. Bxa7 Rxa7 (15... Nh4 $5 16. N1d2 (16. Be3 $2 Bxf3 17. Qd3 Nxg2 $19) 16... Rxa7 $11) 16. h3 Bd7 17. Ng3 Ra8 18. c4 f5 19. exf5 Nxf5 20. Ne4 (20. Nxf5 $15 {should be considered.} Bxf5 21. Rc1) 20... b6 ({Black should try} 20... Nf4 $17) 21. Bc2 Ngh4 22. Ned2 Qf6 {[%emt 0:00:22][%cal Oh4g2] White must now prevent ...Nxg2!} 23. Re4 (23. Qe2 $11) 23... Ng6 {[%emt 0:00:30] Black is more active. Black continues to play with concentration.} 24. Bd3 ({Better is} 24. Re1 $15) 24... Nd4 25. Qf1 Nxf3+ 26. Nxf3 {[%emt 0:00:32] [#]} Bxh3 $1 27. Re3 Bf5 28. Nd2 (28. Rae1 $17) 28... Bxd3 $19 29. Rxd3 Nf4 30. Rg3 Qh4 {[%emt 0:00:12] Strongly threatening ...Rf5.} 31. Nf3 Qh6 {[%emt 0:00:03] aiming for ...Rf5.} 32. Rg4 $2 {[%emt 0:00:29] [#]} (32. Ng5) 32... Nh3+ $1 33. gxh3 Rxf3 34. Qg2 Rxh3 {[%emt 0:00:34] ...Rf8 would now be deadly. Black is clearly winning.} 35. Re1 Rf8 36. Rg3 Rxg3 37. fxg3 {[%emt 0:00:10][%mdl 4096] Endgame. KQR-KQR} a5 38. Rf1 Rf6 39. Rxf6 gxf6 (39... Qxf6 $2 40. Qh3 h6 41. Qc8+ Kh7 42. Qxc7 $19) 40. Qf1 Qg5 {[%emt 0:00:03] Against Qf5} 41. Qh3 (41. Qe1 $142) 41... f5 42. Qg2 Kg7 {[%emt 0:00:14] Weighted Error Value: White=0.35/Black=0.09 (flawless) .  Mistake:       	White=6     	Black=1      Inaccurate:     	White=4     	Black=1      OK:         	White=9     	Black=19     Best:        	White=2     	Black=3      Brilliant:      	---       	Black=1} 0-1

[Event "Indian Rapid Championship 2023-24"]
[Site "Nashik"]
[Date "2024.03.05"]
[Round "8.2"]
[White "Aronyak Ghosh"]
[Black "Sammed Jaykumar, Shete"]
[Result "1/2-1/2"]
[ECO "A07"]
[WhiteElo "2517"]
[BlackElo "2404"]
[Annotator "TA"]
[PlyCount "35"]
[EventDate "2024.03.02"]
[EventType "swiss"]
[EventCountry "IND"]
[SourceTitle "playchess.com"]
[Source "ChessBase"]
[SourceQuality "1"]
[TimeControl "900+10"]

1. Nf3 d5 2. g3 c6 3. Bg2 Bg4 4. h3 Bf5 5. d3 Nd7 6. Nh4 Bg6 7. O-O e6 8. e4 Be7 9. Nxg6 hxg6 10. Qe2 dxe4 11. dxe4 Qc7 12. Nd2 Ngf6 13. a4 O-O 14. Nc4 e5 15. Bd2 Rfe8 16. Rfd1 {[%emt 0:00:26] White is more active.} a5 17. Be1 Nf8 18. c3 {[%emt 0:02:33] Weighted Error Value: White=0.07 (flawless) /Black=0.09 (flawless) .  Inaccurate:     	White=2     	Black=1      OK:         	White=4     	Black=5} 1/2-1/2

[Event "Indian Rapid Championship 2023-24"]
[Site "Nashik"]
[Date "2024.03.05"]
[Round "8.3"]
[White "Hari Madhavan N B"]
[Black "Prraneeth Vuppala"]
[Result "1/2-1/2"]
[ECO "B51"]
[WhiteElo "2395"]
[BlackElo "2506"]
[Annotator "TA"]
[PlyCount "165"]
[EventDate "2024.03.02"]
[EventType "swiss"]
[EventCountry "IND"]
[SourceTitle "playchess.com"]
[Source "ChessBase"]
[SourceQuality "1"]
[TimeControl "900+10"]

1. e4 c5 2. Nf3 d6 3. Bb5+ Nd7 4. a4 Ngf6 5. Nc3 a6 6. Bc4 {[%emt 0:00:11] B51: Sizilianisch (Rossolimo-Variante).} e6 7. d3 Be7 8. O-O O-O 9. h3 b6 10. Bb3 Bb7 11. Qe2 h6 $146 ({Predecessor:} 11... Rc8 12. Bf4 Qc7 13. Bd2 Rfd8 {½-½ Van Esbroeck,J (1420)-Endean,A (1586) LSS SC-2010-0-00060}) 12. Nh2 Ne5 13. f4 Nc6 14. Nf3 Nd4 15. Nxd4 cxd4 16. Nd1 Nd7 17. c3 dxc3 18. bxc3 d5 19. e5 Nc5 20. Bc2 d4 21. Bb2 dxc3 22. Bxc3 Qd5 23. Ne3 Qc6 24. Rfc1 Ne4 25. Be1 Nc3 26. Qd2 Bc5 27. Bf2 Bd4 28. Bd1 Rab8 29. Bf3 Qc5 30. Bxb7 Rxb7 31. Nd1 Bxf2+ 32. Nxf2 Rc7 33. d4 Qc4 34. Kh1 Rfc8 35. Qe3 Qd5 36. Ng4 h5 37. Nf2 b5 38. axb5 Qxb5 39. Qf3 Ne2 (39... Qb6 $15 {sieht stärker aus.}) 40. Rxc7 $11 Rxc7 41. Ne4 $2 (41. Kh2 $11) 41... Nxd4 $2 (41... Qb2 $19 42. Rf1 Rc1 (42... Nxd4 43. Qd1 $17)) 42. Qxh5 $11 Nf5 43. Rd1 Rd7 44. Rc1 Qb7 45. Kh2 Rd8 (45... Qxe4 46. Rc8+) 46. Ng5 Nh6 47. Qe2 Qb4 48. Qe4 (48. Qxa6 Qxf4+ 49. g3 Qd2+ (49... Qxc1 50. Ne4 Qc2+ 51. Kg1 Rd1+ 52. Qf1 Rxf1+ 53. Kxf1 Qxe4 54. g4 Qe3 55. Kg2 Qf4 56. Kg1 Qf3 57. Kh2 Qf2+ 58. Kh1 g5 59. h4 Nxg4 60. hxg5 Qh2#) 50. Kg1 Qxc1+ 51. Qf1 Rd1 (51... Qxg5 $2 52. Qf4 $19) (51... Qxg5 {ist ein Selbstmatt.} 52. Qf2 Rd1+ 53. Kg2 Rd2 54. g4 Nf5 55. Kf3 Rxf2+ 56. Kxf2 Qd2+ 57. Kf3 Qe3+ 58. Kg2 Qe2+ 59. Kh1 Nh4 60. g5 Qg2#)) 48... Qxe4 49. Nxe4 Nf5 50. Rc4 Rd4 51. Rc8+ Kh7 52. Ng5+ Kg6 53. Rc7 Nh6 54. Kg3 a5 55. Ra7 a4 56. Kf3 Rd3+ 57. Ke4 Ra3 (57... Rg3 $11) 58. g4 $14 Ra1 59. Kf3 a3 60. h4 (60. Kg3 $14) 60... Rf1+ $11 61. Kg3 Rg1+ 62. Kf3 Rxg4 63. Nxf7 $1 Rxh4 64. Nxh6 Rxh6 65. Kg3 $2 (65. Kg4 $11 {und Weiss ist OK.}) 65... Kf5 $1 $19 66. Rf7+ Ke4 67. Rxg7 $2 {[%emt 0:00:01] [#]} (67. Ra7 $19) 67... Rg6+ $1 68. Rxg6 a2 69. Rxe6 a1=Q ({Minderwertig wäre} 69... a1=B 70. Ra6 Bd4 71. e6 Bf6 72. e7 Bxe7 73. Re6+ Kd5 74. Rxe7) 70. Rf6 Qg1+ 71. Kh4 Kf3 72. Kh5 Qg7 73. Rg6 {[%emt 0:00:11] [#]} Qf7 $1 74. e6 Qxf4 75. Rg5 Qe4 76. Rg6 Qe3 77. Rf6+ Ke4 78. Kg6 Kd5 $2 (78... Qb3 $19 {( -> ...Ke5)} 79. Kg7 Qb4) 79. Kf7 $1 $11 Kd6 (79... Ke5 $5 80. e7 $8 Qb3+ 81. Kg7 Qb5 $11) 80. e7+ $1 Kd7 81. Rd6+ $1 Kxd6 82. e8=Q Qxe8+ 83. Kxe8 1/2-1/2

[Event "Indian Rapid Championship 2023-24"]
[Site "Nashik"]
[Date "2024.03.05"]
[Round "8.4"]
[White "Raja Rithvik R"]
[Black "Das, Arghyadip"]
[Result "1-0"]
[ECO "E04"]
[WhiteElo "2532"]
[BlackElo "2405"]
[Annotator "RC"]
[PlyCount "107"]
[EventDate "2024.03.02"]
[EventType "swiss"]
[EventCountry "IND"]
[SourceTitle "playchess.com"]
[Source "ChessBase"]
[SourceQuality "1"]
[TimeControl "900+10"]

1. d4 e6 2. c4 Nf6 3. Nf3 d5 4. g3 dxc4 5. Bg2 Bb4+ 6. Bd2 a5 7. Qc2 b5 8. a4 Bxd2+ 9. Nfxd2 Ra7 10. axb5 Qxd4 11. O-O O-O 12. Nxc4 Qc5 13. Nba3 Nbd7 14. Rfc1 Qb4 15. Qc3 Nd5 16. Qxb4 Nxb4 17. Nc2 Nxc2 18. Rxc2 a4 19. Rc3 Bb7 20. Bxb7 Rxb7 21. Na3 Nb6 22. Rac1 Rc8 23. e4 Kf8 24. f4 Ke7 25. Kf2 Kd7 26. Rd3+ Ke7 27. Ke3 h5 28. Rc5 Rh8 29. h4 Nd7 30. Rc4 Nb6 31. Rc6 Rd8 32. Rxd8 Kxd8 33. Kd4 Ra7 34. Kc3 Nc8 35. Nc4 Ne7 36. Ra6 Rxa6 37. bxa6 Kc8 38. Kb4 Kb8 39. Kxa4 Nc6 40. Ne5 Nd4 41. Nxf7 Ka7 42. Ka5 Nc6+ 43. Kb5 Nd4+ 44. Kc5 Ne2 45. Ng5 Nxg3 46. Kd4 Nf1 47. Nxe6 Nd2 48. Nxg7 Nf3+ 49. Kd5 Nxh4 50. Nxh5 Kxa6 51. Kc6 Nf3 52. e5 Nd4+ 53. Kxc7 Kb5 54. Kd7 1-0

[Event "Indian Rapid Championship 2023-24"]
[Site "Nashik"]
[Date "2024.03.05"]
[Round "8.5"]
[White "Sriram, Jha"]
[Black "Kushagra Mohan"]
[Result "1/2-1/2"]
[ECO "D38"]
[WhiteElo "2312"]
[BlackElo "2351"]
[Annotator "TA"]
[PlyCount "65"]
[EventDate "2024.03.02"]
[EventType "swiss"]
[EventCountry "IND"]
[SourceTitle "playchess.com"]
[Source "ChessBase"]
[SourceQuality "1"]
[TimeControl "900+10"]

1. d4 Nf6 2. Nf3 e6 3. c4 d5 4. Bg5 Nbd7 5. cxd5 exd5 6. Nc3 Bb4 7. e3 c5 8. Bd3 Qa5 9. Qc2 c4 10. Bf5 O-O 11. O-O g6 12. Bxd7 Nxd7 13. Nd2 Nb6 14. e4 {[%emt 0:02:12][%cal Od2b3] Repels Bf5} dxe4 15. Ndxe4 {[%emt 0:00:26] Excellent horsemanship. White is slightly better.} Bf5 $2 (15... Bxc3 $11 {and Black has nothing to worry.} 16. bxc3 (16. Qxc3 Qxc3 17. Nxc3 f6 $11) 16... Nd5) 16. Bh6 $2 (16. Nf6+ $18 Kh8 17. Qc1) 16... Rfd8 17. Rad1 (17. Nf6+ $11 Kh8 18. Qc1) 17... Nd7 {[%emt 0:01:01] [#]} (17... Bxc3 $15 {stays ahead.} 18. Qxc3 Qxc3 19. Nxc3 (19. Nf6+ Kh8 $11) 19... Rd7) 18. Rfe1 ({White should play} 18. f3 $1 $16) 18... Re8 $1 $11 {[%emt 0:00:33][%cal Oe8e4] aiming for ...Rxe4!} 19. f3 Bxe4 (19... Re6 $11 {might be stronger.}) 20. fxe4 $14 Qh5 21. Bf4 $36 {[%emt 0:00:36][%mdl 2048] White has some pressure.} Qg4 22. Rf1 {[%emt 0:00:42] And now Nd5 would win.} Rac8 (22... Bxc3 $14 23. bxc3 Qe6) 23. e5 (23. Nd5 $18 Ba5 24. Qa4) 23... f6 {[%emt 0:01:59] [#]} (23... Bxc3 $16 24. Qxc3 (24. bxc3 Nb6 $16) 24... b5) 24. Nd5 $1 $18 fxe5 25. Bxe5 Bf8 {[%emt 0:00:54] Black is weak on the dark squares} 26. Qf2 Qf5 (26... Rxe5 {was necessary.} 27. Qf7+ (27. dxe5 Bc5 $18) 27... Kh8) 27. Qxf5 $2 (27. Qh4 $18 {and the rest is easy.} g5 28. Rxf5 gxh4 29. Rg5+ Kf7 30. Rf1+ Ke6 31. Nc7+ Ke7 32. Bf4) 27... gxf5 $16 28. Rxf5 Re6 (28... Rc6 $16 29. Rdf1 Nxe5 30. dxe5 (30. Rxe5 Rxe5 31. dxe5 Bc5+ 32. Kh1 Re6 $11) 30... Bg7) 29. Rg5+ (29. Nf4 $18 {is more deadly.} Ra6 30. Rg5+ Kf7 31. Rf1) 29... Rg6 30. Rxg6+ hxg6 31. Nf6+ ({White should try} 31. Bf4 $16) 31... Nxf6 $11 32. Bxf6 Kf7 33. Bg5 {[%emt 0:00:45] Weighted Error Value: White=0.71/Black=0.67.  Loses game:     	---       	Black=1      Missed win:     	White=2     	---        Mistake:       	White=5     	Black=6      Inaccurate:     	---       	Black=3      OK:         	White=4     	Black=4      Best:        	---       	Black=1      Strong:       	---       	Black=1} 1/2-1/2

[Event "Indian Rapid Championship 2023-24"]
[Site "Nashik"]
[Date "2024.03.05"]
[Round "8.6"]
[White "Utsab Chatterjee"]
[Black "Sengupta, Deep"]
[Result "0-1"]
[ECO "C07"]
[WhiteElo "2301"]
[BlackElo "2500"]
[Annotator "TA"]
[PlyCount "60"]
[EventDate "2024.03.02"]
[EventType "swiss"]
[EventCountry "IND"]
[SourceTitle "playchess.com"]
[Source "ChessBase"]
[SourceQuality "1"]
[TimeControl "900+10"]

1. e4 e6 2. d4 d5 3. Nd2 c5 4. exd5 Qxd5 5. Ngf3 cxd4 6. Bc4 Qd8 7. O-O Nc6 8. Nb3 a6 9. Nbxd4 Nxd4 10. Nxd4 Qc7 {[%emt 0:00:02] The position is equal.} 11. Bd3 Bd6 12. h3 Ne7 13. c3 Bd7 14. Qe2 Ng6 15. Nf5 (15. Qd1 $11) 15... Be5 16. f4 Bf6 17. Ng3 O-O-O 18. Be3 Bc6 19. Rad1 Nh4 20. Rf2 Rd7 21. Nh5 Rhd8 {[%emt 0:00:55][%cal Oc6b5] ...Bb5! is the strong threat.} 22. Nxf6 gxf6 23. Bd4 {[%emt 0:00:03] [#]} (23. Kh2 $1 $11) 23... Rg8 $1 $36 {[%emt 0:00:47][%mdl 2048] Black has strong initiative.} 24. Be4 {[%emt 0:00:02] [#]} e5 $1 25. fxe5 (25. Bxh7 $2 {is the wrong capture.} Rg3 (25... Rxg2+ 26. Rxg2 Bxg2 27. Qf2 $11) 26. Be4 exd4 27. cxd4 Bxe4 28. Qxe4 f5) 25... fxe5 26. Bxc6 $2 {[%emt 0:03:48] This costs White the game.} (26. Rc1 $17 {was called for.} exd4 27. cxd4 Rxd4 28. Bxc6 bxc6 29. Qxa6+ Kb8 30. Kh1) 26... Qxc6 $19 27. Qxe5 $2 (27. Kh2) 27... Rxg2+ {[%emt 0:00:11] Black is clearly winning.} ({And not} 27... Nxg2 28. Kh2 Nh4 29. Rg1 Nf3+ 30. Rxf3 Rxg1 31. Qe8+ Kc7 32. Kxg1 $11 (32. Qe5+ Kc8 $11)) 28. Kf1 Rxf2+ 29. Kxf2 Qg2+ 30. Ke3 {[%emt 0:00:01] [#]} Re7 $3 {[%emt 0:00:02][%mdl 512] Weighted Error Value: White=0.52/Black=0.05 (flawless) .  Loses game:     	White=1     	---        Mistake:       	White=3     	---        Inaccurate:     	White=1     	Black=1      OK:         	White=4     	Black=6      Best:        	White=2     	Black=1      Strong:       	---       	Black=2} 0-1

[Event "Indian Rapid Championship 2023-24"]
[Site "Nashik"]
[Date "2024.03.05"]
[Round "8.7"]
[White "Srihari L R"]
[Black "Raahul V S"]
[Result "1-0"]
[ECO "A13"]
[WhiteElo "2490"]
[BlackElo "2314"]
[Annotator "TA"]
[PlyCount "83"]
[EventDate "2024.03.02"]
[EventType "swiss"]
[EventCountry "IND"]
[SourceTitle "playchess.com"]
[Source "ChessBase"]
[SourceQuality "1"]
[TimeControl "900+10"]

1. c4 e6 2. Nf3 d5 3. e3 Nf6 4. Nc3 c5 5. cxd5 Nxd5 6. Nxd5 Qxd5 7. b3 Be7 8. Bb2 O-O 9. Bc4 Qd8 10. O-O b6 11. Qe2 Bb7 12. Rfd1 {[%emt 0:00:04] White is slightly better.} Nc6 13. d4 Qc7 14. Rac1 Rad8 15. h3 h6 16. Bb5 Qb8 17. Bxc6 Bxc6 18. Ne5 Be8 19. dxc5 Bxc5 20. Qg4 {[%emt 0:00:09] White is much more active.} f5 21. Qc4 Rf6 (21... Kh7 $16 {was necessary.} 22. Nd3 (22. Qxe6 Rf6 $18) 22... Be7 23. Qxe6 Qd6 24. Qxd6 Bxd6) 22. b4 Bd6 23. Nc6 ({White should play} 23. Nf3 $18 Rf8 24. Qxe6+ Kh7 25. Be5 Bxe5 26. Rxd8 (26. Nxe5 Rf6 $18) (26. Qxe5 Qxe5 27. Nxe5 Rxd1+ 28. Rxd1 Ba4 $14) 26... Bh2+ 27. Kh1 Qxd8 28. Kxh2) 23... Bxc6 $1 $14 24. Bxf6 (24. Qxc6 {simplifies} Rf7 25. Qc4 Re7 26. Kf1) 24... Bd5 {[%emt 0:00:02] A strong pair of Bishops.} 25. Bxd8 ({White should try} 25. Rxd5 $14 Bh2+ 26. Kh1 Rxd5 27. e4 fxe4 28. Qxe4) 25... Bxc4 $11 26. Rxc4 Qxd8 27. Rcd4 $1 Qf6 28. Rxd6 $14 {[%emt 0:00:01][%mdl 4096] Endgame. KQ-KRR} Qb2 29. Rxe6 Qxb4 30. Red6 (30. Rd7 {seems wilder.} Qb1+ 31. Kh2 Qxa2 32. Ree7) 30... a5 (30... Qa3 $14) 31. R6d4 $16 Qb2 (31... Qa3 $16) 32. a4 $18 Qc2 33. R1d2 Qc3 34. Kh2 Kh7 35. g3 Qc1 36. Kg2 Qc6+ {[%emt 0:00:03] [#]} 37. Kg1 $1 Qc1+ 38. Rd1 Qc2 39. h4 Qc6 (39... Kg8 {might work better.} 40. Rd8+ Kh7) 40. Rf4 Kg6 41. Kh2 Qc5 {[%emt 0:00:36] [#]} (41... b5 $142) 42. Rb1 $1 {[%emt 0:00:00] Weighted Error Value: White=0.19 (very precise) /Black=0.24 (precise) .  Mistake:       	White=2     	Black=6      Inaccurate:     	White=3     	Black=3      OK:         	White=11    	Black=7      Best:        	White=3     	Black=4      Strong:       	White=3     	Black=1} 1-0

[Event "Indian Rapid Championship 2023-24"]
[Site "Nashik"]
[Date "2024.03.05"]
[Round "8.8"]
[White "Wagh Suyog"]
[Black "Priyanka Nutakki"]
[Result "1-0"]
[ECO "E11"]
[WhiteElo "2250"]
[BlackElo "2272"]
[Annotator "TA"]
[PlyCount "131"]
[EventDate "2024.03.02"]
[EventType "swiss"]
[EventCountry "IND"]
[SourceTitle "playchess.com"]
[Source "ChessBase"]
[SourceQuality "1"]
[TimeControl "900+10"]

1. d4 Nf6 2. c4 e6 3. Nf3 Bb4+ 4. Nbd2 O-O 5. a3 Be7 6. e4 d5 7. Qc2 dxe4 8. Nxe4 Nbd7 9. Nc3 b6 10. Be2 Bb7 11. O-O c5 12. dxc5 Nxc5 13. Bf4 a6 14. Rfd1 Qc8 15. Rac1 Rd8 16. Rxd8+ Qxd8 17. b4 Nce4 (17... Ncd7 $11) 18. Nxe4 (18. Na4 $14) 18... Bxe4 $11 19. Qb3 Rc8 20. h3 Qe8 21. Bf1 h6 22. Be5 Qc6 23. Nd2 Bg6 24. Qb2 Ne8 (24... Rd8 $11) 25. Be2 (25. c5 $16 bxc5 26. Nb3) 25... f6 (25... Rd8 $11) 26. Bf3 $16 Qd7 27. Bd4 Qc7 28. Nb3 e5 {[%emt 0:00:42] [#]} 29. Bd5+ ({White should play} 29. c5 $1 $16 b5 (29... exd4 30. cxb6 Qd8 31. Rxc8 $16) 30. Bc3) 29... Kh8 30. Be3 Rd8 31. f3 Nd6 (31... a5 $11 {remains equal.}) 32. Qf2 $16 Nc8 33. Kh1 (33. Qg3 $16 Bh7 34. Nd4) 33... f5 34. f4 exf4 (34... Bf6 $14) 35. Bxf4 $16 Bd6 {[%emt 0:00:01] [#]} 36. Be3 ({Better is} 36. Nd4 $1 $16 {[%cal Rd4e6] Black must now prevent Ne6.} Bf7 (36... Bxf4 $2 37. Ne6 $18) 37. Bxd6 Nxd6 38. Qf4 (38. Nxf5 $2 Nxf5 39. Bxf7 Ng3+ 40. Kg1 Rf8 $19)) 36... Bg3 37. Qf3 Re8 (37... Ne7 $2 38. Nd4 Qd6 39. Ne6 $18) 38. Bg1 f4 (38... Ne7 $14) 39. c5 (39. Nd4 $16) 39... bxc5 $14 40. Nxc5 (40. Bxc5 Ne7 41. Qg4 Qe5 $11) ({White should try} 40. Nd4 $16) 40... Ne7 $11 41. Be4 Nf5 (41... Qe5 $5) 42. Qg4 Rxe4 (42... Qf7 $5) 43. Qxg6 Re5 $2 (43... Re2 $14 44. Qg4 (44. Qxf5 Qc6 $11) 44... f3 (44... Qe5 $2 45. Nd7 $18) 45. Qxf3 (45. Qxf5 $2 fxg2#) 45... Bf4) 44. Nd3 $18 ({Not} 44. Qxa6 Be1 $16) 44... Qxc1 45. Nxc1 Nh4 46. Qxa6 Re1 47. Qc8+ Kh7 48. Qc2+ Kh8 49. Qc8+ Kh7 50. Qc2+ Kh8 51. Nd3 Ra1 52. Qb2 Rd1 53. Qe2 Ra1 54. Qe8+ Kh7 55. Qe4+ Kh8 56. Nxf4 Bf2 57. Qe8+ Kh7 58. Qe4+ Kh8 59. Ne2 Re1 60. Qe8+ Kh7 61. Qe4+ Kh8 62. g3 Bxg1 63. gxh4 Be3+ 64. Kg2 Rxe2+ 65. Kf3 Re1 66. Qxe3 1-0

[Event "Indian Rapid Championship 2023-24"]
[Site "Nashik"]
[Date "2024.03.05"]
[Round "8.9"]
[White "Mitrabha, Guha"]
[Black "Vaz, Ethan"]
[Result "1/2-1/2"]
[ECO "E60"]
[WhiteElo "2526"]
[BlackElo "2409"]
[Annotator "TA"]
[PlyCount "100"]
[EventDate "2024.03.02"]
[EventType "swiss"]
[EventCountry "IND"]
[SourceTitle "playchess.com"]
[Source "ChessBase"]
[SourceQuality "1"]
[TimeControl "900+10"]

1. Nf3 Nf6 2. c4 g6 3. g3 Bg7 4. Bg2 O-O 5. O-O d6 6. d4 c5 7. b3 Nc6 8. Bb2 Bg4 9. d5 Na5 10. Nbd2 a6 11. Qc2 b5 12. e4 Rb8 {[%emt 0:01:49] E60: King's Indian: Unusual lines and Fianchetto Variation without Nc3.} 13. Bc3 Nd7 $146 (13... e5 $14 {is more appropriate.}) ({Predecessor:} 13... Bxf3 14. Bxf3 bxc4 15. bxc4 Nd7 16. Be2 Bxc3 17. Qxc3 Rb7 18. h4 Qc7 19. h5 Nf6 {1-0 Dreev,A (2649)-Seliverstov,V (2462) Moscow blitz 72nd 2018 (14)}) 14. Rfe1 Bxf3 15. Bxf3 Qc7 16. Be2 Rb7 17. h4 h5 18. Bxg7 Kxg7 19. Qc3+ Kg8 20. Nf3 {[%emt 0:00:09] White is more active.} bxc4 21. bxc4 Rfb8 22. Bd3 Ne5 23. Nxe5 dxe5 24. Re2 Rb4 25. Rf1 Nb7 (25... f6 $142) 26. f4 $1 $16 f6 27. Rg2 $1 (27. f5 Nd6 $15) 27... Nd8 28. g4 (28. f5 $18) 28... hxg4 $2 ({Black should play} 28... Nf7 $14) 29. Rxg4 $18 exf4 30. Rxg6+ Kf7 31. Rg2 (31. Rg4 $18 {is more deadly.}) 31... Qe5 {[%emt 0:00:00] [#]} (31... Kf8 $16) 32. Qxe5 $1 fxe5 33. Rg5 R8b6 34. Rxe5 Rg6+ 35. Rg5 $2 (35. Kh1 $18 e6 36. Rxf4+ Rf6 37. Rxf6+ Kxf6 38. dxe6 (38. Rh5 Nf7 $18) 38... Nxe6 (38... Kxe5 $2 39. e7 $18) 39. Rf5+ Ke7 40. h5) 35... Rxg5+ $11 36. hxg5 {[%emt 0:00:02][%mdl 4096] Endgame. KRB-KRN} e5 $1 37. Kf2 (37. dxe6+ $11 Nxe6 38. Kg2) 37... Kg6 $15 {[%emt 0:00:09][%mdl 1024] Black has compensation.} 38. Rh1 {[%emt 0:00:08] [#]} (38. Kf3 $15) 38... Nf7 ({Black should try} 38... Rb2+ $1 $19 39. Ke1 Nf7 (39... Kxg5 40. Rh8 $15)) 39. d6 Rb6 $19 (39... Nxg5 40. d7 Rb8 (40... Rb2+ 41. Ke1 $11) 41. Bc2 $11) 40. d7 {[%emt 0:00:34][%cal Oh1h6] Rh6+! is the strong threat.} Rd6 $1 41. Be2 Rxd7 ({Not} 41... Nxg5 42. Rd1 Rxd1 (42... Nxe4+ $2 {too greedy.} 43. Ke1 $18) 43. Bxd1 $11) 42. Bh5+ Kxg5 43. Bxf7 Rxf7 {[%emt 0:00:01] KR-KR} 44. Rd1 $2 {[%emt 0:00:01] Dodges Rd7} (44. Rg1+ {is more resistant.} Kf6 45. Rd1) 44... Rh7 {[%emt 0:00:23] Threatens to win with ...Rh2+.} 45. Rd5 $2 (45. Rg1+ Kf6 46. Kf3) 45... Rh2+ 46. Kf3 Rh3+ (46... Rxa2 47. Rxe5+ Kf6 48. Rxc5 $14) 47. Kg2 Ra3 48. Rxe5+ Kg4 49. Rxc5 Rxa2+ 50. Kg1 Ra1+ (50... a5 $142 51. Rc7 Kf3) 1/2-1/2

[Event "Indian Rapid Championship 2023-24"]
[Site "Nashik"]
[Date "2024.03.05"]
[Round "8.10"]
[White "Sidhant, Mohapatra"]
[Black "Pimpalkhare Vedant"]
[Result "0-1"]
[ECO "D02"]
[WhiteElo "2379"]
[BlackElo "2254"]
[Annotator "TA"]
[PlyCount "76"]
[EventDate "2024.03.02"]
[EventType "swiss"]
[EventCountry "IND"]
[SourceTitle "playchess.com"]
[Source "ChessBase"]
[SourceQuality "1"]
[TimeControl "900+10"]

1. Nf3 Nf6 2. d4 e6 3. Bf4 c5 4. e3 d5 5. c3 Bd6 6. Nbd2 cxd4 7. cxd4 Bxf4 8. exf4 {[%emt 0:00:10] The position is equal.} O-O 9. Bd3 Nc6 10. O-O Qb6 11. Nb3 a5 12. a4 (12. Nc5 $14) 12... Bd7 $11 13. Ne5 Rfc8 14. f5 exf5 {[%emt 0:00:18] ...Nxe5 is the strong threat.} 15. Nxd7 Nxd7 16. Bxf5 Rc7 17. Qd3 Nf6 18. Qb5 Qa7 19. Rad1 g6 20. Bb1 Re8 21. h3 Kg7 22. Rfe1 ({Better is} 22. Qd3 $15) 22... Rxe1+ 23. Rxe1 Nxd4 24. Nxd4 Qxd4 25. Qxa5 b6 26. Qb5 Rc4 27. b3 Rb4 28. Qd3 Qxd3 29. Bxd3 Rxb3 $17 {[%emt 0:00:01][%mdl 4096] Endgame. KRB-KRN} 30. Bb5 (30. Rd1 $142) 30... Ne4 31. Bc6 Nc3 32. Re7 Rb4 33. Rb7 d4 {[%emt 0:01:04][%cal Od4d3] Strongly threatening ...d3! Black is more active.} (33... Nxa4 $6 34. Bxd5 Rf4 35. Bb3 $11) 34. Kh2 Kf8 ({Don't take} 34... Nxa4 35. Bxa4 Rxa4 36. Rxb6 $15) 35. f3 {[%emt 0:01:20] [#]} (35. g4 $17) 35... h5 $1 $19 ({Much less strong is} 35... Nxa4 36. Bxa4 Rxa4 37. Rxb6 $17) 36. Bb5 Nxb5 ({Resist} 36... Nxa4 37. Bxa4 Rxa4 38. Rxb6) 37. Rxb6 $2 {[%emt 0:00:01] [#]} (37. axb5 Rxb5 38. Kg3) 37... d3 $1 {[%emt 0:00:48] ( -> ...d2)} 38. axb5 Rd4 {[%emt 0:00:04] Weighted Error Value: White=0.30/Black=0.04 (flawless) .  Mistake:       	White=5     	---        Inaccurate:     	White=1     	Black=1      OK:         	White=7     	Black=18     Best:        	White=4     	Black=5} 0-1